 Dungeon Crawl Stone Soup version 0.13-a0-1672-g2e244fd (webtiles) character file.

197 Root the Insei (level 5, 0/39 HPs)
             Began as a Demonspawn Monk on June 19, 2013.
             Slain by a hound (4 damage)
             ... on Level 4 of the Dungeon.
             The game lasted 00:05:50 (3046 turns).

Root the Insei (Demonspawn Monk)                    Turns: 3046, Time: 00:05:50

HP   0/39        AC  2     Str 11      XL: 5   Next: 16%
MP   4/4         EV 12     Int 13      God:
Gold 39          SH 10     Dex 15      Spells:  0 memorised,  4 levels left

Res.Fire  : . . .   See Invis. : .     - Unarmed
Res.Cold  : . . .   Warding    : .   a - +0 robe
Life Prot.: . . .   Conserve   : .   v - +1 dwarf buckler (curse)
Res.Poison: .       Res.Corr.  : .   (no helmet)
Res.Elec. : .       Clarity    : .   (no cloak)
Sust.Abil.: . .     Spirit.Shd : .   (no gloves)
Res.Mut.  : .       Stasis     : .   (no boots)
Res.Rott. : .       Flight     : .   (no amulet)
Saprovore : + . .                    (no ring)
                                     (no ring)

@: slightly resistant to hostile enchantments, fairly stealthy
A: powered by death 2, saprovore 1
a: no special abilities


You were on level 4 of the Dungeon.
You were not hungry.

You visited 1 branch of the dungeon, and saw 4 of its levels.

You collected 179 gold pieces.
You spent 140 gold pieces at shops.

Inventory:

Armour
 a - a +0 robe (worn)
 v - a cursed +1 dwarven buckler (worn)
Comestibles
 b - 7 bread rations
 c - 6 meat rations
 p - an apricot
Scrolls
 d - 6 scrolls of identify
 e - 2 scrolls of random uselessness {unknown}
 f - 2 scrolls of noise
 g - 3 scrolls of remove curse
 j - 2 scrolls of amnesia {unknown}
 k - a scroll of teleportation {unknown}
 l - 2 scrolls of enchant armour {unknown}
 m - 2 scrolls of curse jewellery
 q - a scroll of fog {unknown}
 r - a scroll of immolation
 s - a scroll of recharging {unknown}
 t - a scroll of magic mapping {unknown}
 u - a scroll of fear {unknown}
Jewellery
 o - an uncursed ring of fire {unknown}
Potions
 h - a potion of curing
 i - a potion of resistance {unknown}
 n - a potion of speed {unknown}
 x - a potion of mutation
 z - a potion of agility {unknown}
 B - a potion of paralysis {unknown}


   Skills:
 - Level 3.0 Fighting
 - Level 2.6 Dodging
 - Level 1.7 Stealth
 + Level 1.3 Shields
 + Level 5.6 Unarmed Combat


You had 4 spell levels left.
You didn't know any spells.

Dungeon Overview and Level Annotations

Branches:
Dungeon (4/27)
 Temple: D:4-7

Altars:

Shops:
D:4: (=!?[


Innate Abilities, Weirdness & Mutations

You can steal the life force of defeated enemies.
You can tolerate rotten meat.


Message History

The hound bites you.
* * * LOW HITPOINT WARNING * * *
Drink which item? (? for menu, Esc to quit)
You feel better. You block the hound's attack.
You hit the hound.
The hound is heavily wounded.
The hound bites you.
* * * LOW HITPOINT WARNING * * *
You block the hound's attack.
You hit the hound.
The hound is severely wounded.
The hound gazes forward, looking utterly alone.
The hound bites you.
* * * LOW HITPOINT WARNING * * *
You hit the hound.
The hound is almost dead.
The hound bites you.
* * * LOW HITPOINT WARNING * * *
The hound bites you.
You die...

..+.........+.............. ..(
###.........#.............. ...
###.........#...####....... ...
......%.....#...# ..... #..
................###############..
...#######......#....# #.(......(
...#######.....##....# #.........
.........###...##....###.........
.........+....rh@......'.........
.........#...####....###.........
.###.....#...####....# #.........
.........######......# #.........
.........# #.........######.<....
.........# #....................#
.........# #........#######.....#
.....#######........#..........##
....#..........####.#.#####....#≈


You could see a hound and a rat.

Vanquished Creatures
  A scorpion (D:4)
  3 adders
  2 inept feature mimics
  2 worms (D:3)
  A giant eyeball (D:4)
  An ooze (D:2)
  2 orcs (D:3)
  2 ball pythons
  9 bats
  4 giant cockroaches
  11 goblins
  4 hobgoblins
  10 jackals (D:3)
  2 giant geckos
  3 giant newts
  9 kobolds
  2 quokkas
  7 rats
75 creatures vanquished.

Notes
Turn   | Place    | Note
--------------------------------------------------------------
     0 | D:1      | Root, the Demonspawn Monk, began the quest for the Orb.
     0 | D:1      | Reached XP level 1. HP: 16/16 MP: 0/0
   173 | D:1      | Reached skill level 4 in Unarmed Combat
   185 | D:1      | Gained mutation: You can tolerate rotten meat. [demonic ancestry]
   185 | D:1      | Reached XP level 2. HP: 19/22 MP: 1/1
   966 | D:2      | Gained mutation: You can steal the life force of nearby defeated enemies. [demonic ancestry]
   966 | D:2      | Reached XP level 3. HP: 19/28 MP: 2/2
  1727 | D:3      | Reached skill level 5 in Unarmed Combat
  1778 | D:3      | Gained mutation: You can steal the life force of defeated enemies. [demonic ancestry]
  1778 | D:3      | Reached XP level 4. HP: 34/34 MP: 3/3
  2504 | D:4      | Found Yha Tidahunt's Jewellery Emporium.
  2504 | D:4      | Found Ehoepab's Weapon Shoppe.
  2552 | D:4      | Found Paapieli's Magic Scroll Shop.
  2564 | D:4      | Bought a scroll of curse jewellery for 20 gold pieces
  2564 | D:4      | Bought a scroll of immolation for 10 gold pieces
  2564 | D:4      | Bought a scroll of noise for 10 gold pieces
  2564 | D:4      | Bought a scroll of remove curse for 30 gold pieces
  2564 | D:4      | Bought a scroll of identify for 20 gold pieces
  2583 | D:4      | Found Wyunosoxt's Distillery.
  2588 | D:4      | Paralysed by a giant eyeball for 2 turns
  2592 | D:4      | Paralysed by a giant eyeball for 3 turns
  2654 | D:4      | Bought a potion of mutation for 30 gold pieces
  2654 | D:4      | Bought a potion of curing for 20 gold pieces
  2702 | D:4      | Reached skill level 1 in Shields
  2863 | D:4      | Found Riecou Tedd's Armour Shoppe.
  3032 | D:4      | Reached XP level 5. HP: 25/39 MP: 4/4
  3046 | D:4      | Slain by a hound

Action                   |  1- 3 |  4- 6 || total
-------------------------+-------+-------++-------
Melee: Unarmed           |   156 |   147 ||   303
  Use: Potion            |       |     4 ||     4
 Stab: Sleeping          |       |     2 ||     2
